 Dungeon Crawl Stone Soup version 0.27-a0-1188-g73eefd5def (webtiles) character file.

Game seed: 7276959811472889564

116 chippings the Cudgeller (level 4, -2/35 HPs)
             Began as a Mummy Gladiator on May 20, 2021.
             Killed from afar by an orc wizard (16 damage)
             ... with a puff of flame
             ... on level 3 of the Dungeon.
             The game lasted 00:03:06 (2068 turns).

chippings the Cudgeller (Mummy Gladiator)           Turns: 2068, Time: 00:03:07

Health: -2/35      AC:  4    Str: 17    XL:     4   Next: 70%
Magic:  4/4        EV: 12    Int:  8    God:
Gold:   94         SH:  0    Dex: 13    Spells: 3/3 levels left

rFire    x . .     SeeInvis .   a - +0 flail
rCold    + . .     Faith    .   (no shield)
rNeg     + + +     Spirit   .   b - +0 leather armour
rPois    ∞         Reflect  .   c - +0 helmet
rElec    .         Harm     .   (no cloak)
rCorr    .         Rampage  .   (no gloves)
Will     .....                  (no boots)
Stlth    +.........             (no amulet)
HPRegen  0.11/turn              (no ring)
MPRegen  0.09/turn              (no ring)

@: no status effects
A: cold resistance 1, negative energy resistance 3, torment resistance 2, heat
vulnerability 1, no potions
a: no special abilities


You were on level 3 of the Dungeon.
You visited 1 branch of the dungeon, and saw 3 of its levels.

You collected 94 gold pieces.

Inventory:

Hand Weapons
 a - a +0 flail (weapon)
Missiles
 d - 3 throwing nets (quivered)
 e - 29 poisoned darts
 g - 7 javelins
 j - 4 boomerangs
Armour
 b - a +0 leather armour (worn)
 c - a +0 helmet (worn)
Magical Staves
 f - a staff of death
Scrolls
 h - a scroll of summoning {unknown}
 i - a scroll of noise {unknown}


   Skills:
 - Level 3.0 Fighting
 - Level 3.0(3.1) Maces & Flails
 + Level 1.2(2.3) Staves
 - Level 1.5 Throwing
 - Level 2.4 Dodging
 + Level 1.6 Necromancy
 + Level 1.2 Evocations


You had 3 spell levels left.
You didn't know any spells.
Your spell library was empty.

Dungeon Overview and Level Annotations

Branches:
Dungeon (3/15)

Altars:
Uskayaw


Innate Abilities, Weirdness & Mutations

You are immune to poison.
Your flesh is cold resistant. (rC+)
You are immune to negative energy. (rN+++)
You are immune to unholy pain and torment.
You are vulnerable to heat. (rF-)
You do not drink.


Message History

j - 4 boomerangs A quokka comes into view.
The quokka bites you.
You hit the quokka.
The quokka is severely wounded.
The quokka bites you but does no damage.
You closely miss the quokka.
The quokka is severely wounded.
The quokka barely misses you.
The quokka bites you but does no damage.
You closely miss the quokka.
The quokka is severely wounded.
The quokka bites you.
You completely miss the quokka.
The quokka is severely wounded.
The quokka bites you but does no damage.
You hit the quokka but do no damage.
The quokka is severely wounded.
The quokka closely misses you. x2
You hit the quokka.
You kill the quokka!
You see here a quokka corpse.
An orc wizard is nearby!
The orc wizard shouts!
You see here a quokka corpse.
You closely miss the orc wizard.
The orc wizard gestures at you while chanting.
The puff of flame hits you! The fire burns you terribly!
The orc wizard hits you with a +0 dagger.
You barely miss the orc wizard. The orc wizard closely misses you.
You closely miss the orc wizard. The orc wizard barely misses you.
You hit the orc wizard.
The orc wizard is moderately wounded.
The orc wizard hits you with a +0 dagger.
You barely miss the orc wizard.
The orc wizard is moderately wounded.
The orc wizard hits you with a +0 dagger.
The orc wizard gestures at you while chanting.
The puff of flame hits you! The fire burns you terribly!
You die...

#########
#...)÷..#######
#...###.......#
###.#########.######
#..# ######......# ##.#
#...........#### #.#
#..............# #
#..##....[.†@o.)##....
..................#
...##......#..........
...........#.########.#
....##........# ..
...........###..
..####.#####..... ..
#..# ##..#
...####.####..##


You could see an orc wizard.

Vanquished Creatures
  A hound (D:2)
  3 adders
  A dart slug (D:2)
  2 orcs (D:3)
  2 bats (D:2)
  2 endoplasms
  5 giant cockroaches
  4 goblins
  7 hobgoblins
  13 jackals
  3 quokkas
  2 kobolds (D:1)
  A rat (D:2)
46 creatures vanquished.

Notes
Turn   | Place    | Note
-------+----------+-------------------------------------------
     0 | D:1      | chippings the Mummy Gladiator began the quest for the Orb.
     0 | D:1      | Reached XP level 1. HP: 16/16 MP: 1/1
   192 | D:1      | Reached XP level 2. HP: 17/22 MP: 2/2
   584 | D:1      | Found a faded altar of an unknown god.
   806 | D:2      | Reached XP level 3. HP: 24/28 MP: 3/3
  1142 | D:2      | Reached skill level 1 in Staves
  1142 | D:2      | Reached skill level 1 in Necromancy
  1142 | D:2      | Reached skill level 1 in Evocations
  1142 | D:2      | Reached XP level 4. HP: 14/34 MP: 4/4
  1326 | D:2      | Found a hide-covered altar of Uskayaw.
  2068 | D:3      | Killed from afar by an orc wizard

Illustrated notes

Levels and vault maps discovered:
D:1:      dpeg_arrival_shelter, layout_basic, ebering_ecumenical_altar_hall
D:2:      layout_basic, basic_altar
D:3:      layout_rooms

Skill      XL: |  1  2  3  4 |
---------------+-------------+-----
Maces & Flails | 3 |  3.0
Staves         | 1 |  1.2
Necromancy     | 1 |  1.6
Evocations     | 1 |  1.2
Fighting       | 3 |  3.0
Throwing       | |  1.5
Dodging        | |  2.4

Action                   |  1- 3 |  4- 6 || total
-------------------------+-------+-------++-------
Melee: Flail             |   115 |    67 ||   182
       Staff             |       |    31 ||    31
Armor: Leather armour    |    37 |    51 ||    88
Dodge: Dodged            |   109 |    61 ||   170

Table legend: (Time is in decaauts)
 A = Elapsed time spent in this place.
 B = Non-inter-level travel time spent in this place.
 C = Inter-level travel time spent in this place.
 D = Time resting spent in this place.
 E = Time spent auto-exploring this place.
 F = Levels seen in this place.
 G = Mean time per level.
                   A        B        C        D        E       F      G
               +--------+--------+--------+--------+--------+-----+--------+
         Total |   2115 |   2086 |     29 |      0 |   1495 |   3 |  705.0 |
       Dungeon |   2115 |   2086 |     29 |      0 |   1495 |   3 |  705.0 |
               +--------+--------+--------+--------+--------+-----+--------+

Top non-repeatable levels by time:
     D:2: 985 daAuts
     D:1: 720 daAuts
     D:3: 410 daAuts
